 Dungeon Crawl Stone Soup version 0.31-a0-216-g22e908daa7 (webtiles) character file.

Game seed: 5541155199524318600

136 qw the Shooter (level 5, -2/30 HPs)
             Began as a Gargoyle Hexslinger on July 2, 2023.
             Slain by an iguana (5 damage)
             ... on level 4 of the Dungeon.
             The game lasted 00:00:54 (2288 turns).

qw the Shooter (Gargoyle Hexslinger)                Turns: 2288, Time: 00:00:54

Health: -2/30      AC:  7    Str: 12    XL:     5   Next: 19%
Magic:  6/6        EV: 11    Int: 13    God:
Gold:   183        SH:  0    Dex: 14    Spells: 5/6 levels left

rFire   . . .        Y - +1 sling
rCold   . . .        (no shield)
rNeg    + . .        b - +0 leather armour
rPois   inf          (no helmet)
rElec   +            (no cloak)
rCorr   .            (no gloves)
SInv    .            (no boots)
Will    .....        (no amulet)
Stlth   +            (no ring)
HPRegen 0.25/turn    (no ring)
MPRegen 0.10/turn

%: no passive effects
@: no status effects
A: sickness immunity, AC +4, negative energy resistance 1, electricity
resistance, torment resistance 1, petrification resistance
a: no special abilities


You were on level 4 of the Dungeon.
You visited 1 branch of the dungeon, and saw 4 of its levels.

You collected 183 gold pieces.


Innate Abilities, Weirdness & Mutations

You are immune to sickness and miasma.
Your stone body is resilient. (AC +4)
You are immune to poison.
You resist negative energy. (rN+)
You are resistant to electric shocks. (rElec)
You are resistant to unholy torment.
You are immune to petrification.


   Skills:
 - Level 2.2 Fighting
 + Level 4.8 Ranged Weapons
 - Level 1.5 Dodging
 - Level 1.0 Spellcasting
 - Level 2.6 Hexes


You had 5 spell levels left.
You knew the following spells:

 Your Spells              Type           Power      Damage    Failure   Level
a - Slow                  Hex            28%        N/A       12%         1

Your spell library contained the following spells:

 Spells                   Type           Power      Damage    Failure   Level
 Inner Flame              Hex/Fire       4%         N/A       52%         3
 Portal Projectile        Hex/Tloc       8%         N/A       52%         3
 Cause Fear               Hex            3%         N/A       75%         4

Inventory:

Hand Weapons
 Y - a +1 sling (weapon)
Armour
 a - a +0 helmet
 b - a +0 leather armour (worn)
Jewellery
 g - a ring of protection from fire
Scrolls
 f - a scroll of identify
Potions
 c - a potion of might {unknown}
 d - a potion of curing
 e - 2 potions of attraction {unknown}
 h - a potion of resistance {unknown}
 i - a potion of haste {unknown}
 k - a potion of brilliance {unknown}

Dungeon Overview and Level Annotations

Branches:
Dungeon (4/15)
 Temple: D:4-7

Altars:
Hepliaklqana


Message History

The sling bullet hits the iguana but does no damage.
The iguana is moderately wounded.
The quokka bites you but does no damage.
The iguana closely misses you.
The quokka bites you but does no damage.
You shoot a sling bullet.
The sling bullet hits the iguana but does no damage.
The iguana is moderately wounded.
The iguana bites you but does no damage.
The quokka completely misses you.
You shoot a sling bullet. The sling bullet hits the iguana.
The iguana is heavily wounded.
The quokka misses you. The iguana bites you!
You shoot a sling bullet. The sling bullet hits the iguana.
The iguana is severely wounded.
The quokka barely misses you. The iguana closely misses you.
The quokka closely misses you.
You shoot a sling bullet.
The sling bullet hits the iguana but does no damage.
The iguana is severely wounded.
The iguana bites you but does no damage.
The quokka misses you.
The iguana bites you but does no damage.
You shoot a sling bullet.
The sling bullet barely misses the iguana.
The quokka barely misses you. The iguana barely misses you.
The quokka bites you.
You shoot a sling bullet. The sling bullet hits the iguana.
The iguana is almost dead.
You hear the slow rusting of a very distant drain.
The iguana bites you. The quokka barely misses you.
You shoot a sling bullet.
The sling bullet hits the iguana but does no damage.
The iguana is almost dead.
The quokka completely misses you. The iguana closely misses you.
The quokka barely misses you.
You shoot a sling bullet.
The sling bullet closely misses the iguana.
The iguana bites you.
You die...

#.... #....
######.#.#
........## # #
########.#
#.##.#### ##. ..
...# ####
#.##.########
#...
#.l@........#
#.##
#....r#.######.#
#.# #.###.#.#
#.# #.# #.#.#
#.# #.# ..#.#
#.# #.# ###.#
#.# #.# #.# #.#
#.# #.#
#.#####.# #.#
#.......#


You could see an iguana and a quokka.

Vanquished Creatures
  An orc priest (D:3)
  7 adders
  A dart slug (D:1)
  3 orcs (D:3)
  4 bats
  8 endoplasms
  4 goblins
  3 hobgoblins
  3 quokkas (D:1)
  5 ball pythons
  2 frilled lizards (D:2)
  3 rats (D:1)
44 creatures vanquished.

Notes
Turn   | Place    | Note
-------+----------+-------------------------------------------
     0 | D:1      | qw the Gargoyle Hexslinger began the quest for the Orb.
     0 | D:1      | Reached XP level 1. HP: 12/12 MP: 2/2
     0 | D:1      | 0 ||| qw: Version: 0.3-a-35-g05ef00e
     0 | D:1      | 0 ||| qw: Game counter: 7842
     0 | D:1      | 0 ||| qw: Melee chars always use a shield: true
     0 | D:1      | 0 ||| qw: God list: Okawaru
     0 | D:1      | 0 ||| qw: Allow faded altars: false
     0 | D:1      | 0 ||| qw: Do Orc after clearing Dungeon:15 true
     0 | D:1      | 0 ||| qw: Do second Lair branch before Depths: true
     0 | D:1      | 0 ||| qw: Lair rune preference: random
     0 | D:1      | 0 ||| qw: Goals: Normal
     0 | D:1      | 0 ||| PLANNING D:1-11
   468 | D:1      | Reached XP level 2. HP: 12/16 MP: 3/3
   589 | D:1      | Reached skill level 3 in Ranged Weapons
   730 | D:1      | Found a faded altar of an unknown god.
   756 | D:1      | 756 ||| READING scroll labelled AWOCVA VAFIASCHI.
   757 | D:1      | 757 ||| READING scroll labelled ZEACYE PUOHUAR.
   758 | D:1      | 758 ||| READING scroll labelled COMMIC YDAMPIPUJ.
   762 | D:1      | 762 ||| READING scroll labelled JIADWUH TIQAJ.
   763 | D:1      | 763 ||| DRINKING 2 white potions.
   764 | D:1      | 764 ||| DROPPING scroll of poison.
   901 | D:2      | Reached XP level 3. HP: 15/21 MP: 4/4
   901 | D:2      | 901 ||| FLEEEEING.
   902 | D:2      | 902 ||| FLEEEEING.
   903 | D:2      | 903 ||| FLEEEEING.
   904 | D:2      | 904 ||| FLEEEEING.
   905 | D:2      | 905 ||| FLEEEEING.
   906 | D:2      | 906 ||| FLEEEEING.
   907 | D:2      | 907 ||| FLEEEEING.
   910 | D:2      | 910 ||| FLEEEEING.
   911 | D:2      | 911 ||| FLEEEEING.
   912 | D:2      | 912 ||| FLEEEEING.
   913 | D:2      | 913 ||| FLEEEEING.
   914 | D:2      | 914 ||| FLEEEEING.
   915 | D:2      | 915 ||| FLEEEEING.
   916 | D:2      | 916 ||| FLEEEEING.
   917 | D:2      | 917 ||| FLEEEEING.
  1353 | D:2      | 1353 ||| UPGRADING to +0 leather armour.
  1363 | D:2      | 1363 ||| DROPPING +0 robe.
  1364 | D:2      | 1364 ||| READING scroll labelled TATIRGH LENONO.
  1365 | D:2      | 1365 ||| READING scroll labelled GOPPUN HOOXTY.
  1419 | D:3      | Reached XP level 4. HP: 26/26 MP: 5/5
  1459 | D:3      | Found a hazy altar of Hepliaklqana.
  1473 | D:3      | 1473 ||| FLEEEEING.
  1478 | D:3      | 1478 ||| FLEEEEING.
  1479 | D:3      | 1479 ||| FLEEEEING.
  1489 | D:3      | 1489 ||| STAIRDANCE
  1540 | D:3      | Reached skill level 4 in Ranged Weapons
  2081 | D:3      | Reached XP level 5. HP: 30/30 MP: 6/6
  2193 | D:4      | 2193 ||| PLANNING SEWER
  2282 | D:4      | HP: 5/30 [iguana (10)]
  2286 | D:4      | HP: 2/30 [iguana (1)]
  2288 | D:4      | Slain by an iguana

Levels and vault maps discovered:
D:1:      nicolae_arrival_somewhat_less_tricky_arrival, layout_loops_cross,
          shapermc_ecumenical_altar_petra, chequers_jeans
D:2:      layout_loops_cross, minmay_tripent
D:3:      layout_loops_cross, overflow_temple_1_default, hangedman_decor_growths
D:4:      layout_loops_ring, minmay_temple_entry_nine_rooms,
          cheibrodos_sewer_entry_bend, nicolae_shop_dragon_depot

Skill      XL: |  1  2  3  4 |
---------------+-------------+-----
Ranged Weapons | 3 4 |  4.8
Fighting       | 2 |  2.2
Dodging        | |  1.5
Spellcasting   | |  1.0
Hexes          | |  2.6

Action                     |  1- 3 |  4- 6 || total
---------------------------+-------+-------++-------
   Fire: Sling             |    90 |   106 ||   196
    Use: Scroll            |     6 |       ||     6
         Potion            |     1 |       ||     1
 Armour: Robe              |     8 |       ||     8
         Leather armour    |       |    32 ||    32
  Dodge: Dodged            |    22 |    55 ||    77

Table legend:
 A = Non-vault XP
 B = Vault XP
 C = Vault XP percentage of total XP
 D = Non-vault monster count
 E = Vault monster count
 F = Vault count percentage of total count
                 A         B        C        D         E       F
            +---------+---------+-------+---------+---------+-------
      Total |     181 |      14 |   7.2 |      42 |       2 |   4.5
            +---------+---------+-------+---------+---------+-------
        D:1 |      28 |       0 |   0.0 |      15 |       0 |   0.0
        D:2 |      36 |      14 |  28.0 |       9 |       2 |  18.2
        D:3 |     102 |       0 |   0.0 |      16 |       0 |   0.0
        D:4 |      15 |       0 |   0.0 |       2 |       0 |   0.0
            +---------+---------+-------+---------+---------+-------
